 Dungeon Crawl Stone Soup version 0.26.1-11-gd32895ea62 (webtiles) character file.

Game seed: 4172437637106716342

48 ubername the Magician (level 3, 0/24 HPs)
             Began as a Barachi Hedge Wizard on June 15, 2021.
             Slain by an orc wizard
             ... wielding a +0 dagger
              (4 damage)
             ... on level 2 of the Dungeon.
             The game lasted 00:05:37 (3052 turns).

ubername the Magician (Barachi Hedge Wizard)        Turns: 3052, Time: 00:05:38

Health: 0/24       AC:  2    Str: 11    XL:     3   Next: 72%
Magic:  8/8        EV: 12    Int: 15    God:
Gold:   97         SH:  0    Dex: 11    Spells: 7/10 levels left

rFire    . . .     SeeInvis .   a - +0 dagger
rCold    . . .     Faith    .   (no shield)
rNeg     . . .     Spirit   .   b - +0 robe
rPois    .         Reflect  .   c - +0 hat
rElec    .         Harm     .   (no cloak)
rCorr    .         Rampage  .   (no gloves)
Will     .....                  (no boots)
Stlth    ++........             (no amulet)
HPRegen  0.08/turn              (no ring)
MPRegen  0.11/turn              (no ring)

@: slow
A: +LOS, swims, slowness 1, strong legs 1
a: Hop


You were on level 2 of the Dungeon.
You visited 1 branch of the dungeon, and saw 2 of its levels.

You collected 97 gold pieces.

Inventory:

Hand Weapons
 a - a +0 dagger (weapon)
Armour
 b - a +0 robe (worn)
 c - a +0 hat (worn)
Scrolls
 e - a scroll of random uselessness {unknown}
 g - a scroll of fog
Potions
 d - 2 potions of mutation {unknown}
 f - a potion of degeneration {unknown}


   Skills:
 - Level 0.1 Fighting
 + Level 2.6 Dodging
 + Level 1.9 Stealth
 + Level 4.1 Spellcasting
 + Level 1.7 Conjurations
 + Level 1.6 Summonings
 + Level 1.1 Translocations


You had 7 spell levels left.
You knew the following spells:

 Your Spells              Type           Power        Failure   Level
a - Magic Dart            Conj           32%          9%          1
b - Call Imp              Summ           7%           14%         2

Your spell library contained the following spells:

 Spells                   Type           Power        Failure   Level
 Blink                    Tloc           N/A          17%         2
 Slow                     Hex            3%           26%         2
 Conjure Flame            Conj/Fire      5%           36%         3
 Mephitic Cloud           Conj/Pois/Air  4%           38%         3


Dungeon Overview and Level Annotations

Branches:
Dungeon (2/15)

Altars:


Innate Abilities, Weirdness & Mutations

You can be seen from farther away. (+LOS)
You can swim through water.
You cover ground slowly.
You can hop short distances.


Message History

You're too confused to cast spells.
Okay, then.
You're too confused to cast spells.
Okay, then.
You are too confused!
You barely miss the orc wizard.
The orc wizard is lightly wounded.
The orc wizard barely misses you.
The orc wizard gestures at itself while chanting.
The orc wizard flickers and vanishes!
Deactivating autopickup; reactivate with Ctrl-A.
You're too confused to cast spells.
Okay, then.
You bump into the rock wall.
The orc barely misses you. Something hits you.
* * * LOW HITPOINT WARNING * * *
The orc barely misses you.
You feel less confused. Something hits you.
You die...

##.###.##.# #.## ##.#.###
..# #.....# ..## ##...#.#
.#.###)####.#
.##....(###.#####
.###.##.........##
.##.#.#..#....#..##
.#.###..##....##@.#########
..####..#......#.o.........
#..##..##......##...#######
..#.#..#........#.###
.###...#........#.# .
#.#.##......##.##
..##.#..#......#...# .
##.#..##....##...# .
..##..#....#..#.#


You could see an orc.

Vanquished Creatures
  A dart slug (D:1)
  A leopard gecko (D:1)
  3 giant cockroaches
  3 goblins (D:1)
  7 hobgoblins
  2 jackals (D:1)
  A quokka (D:2)
  8 bats
  2 frilled lizards (D:1)
  4 kobolds
  4 rats
36 creatures vanquished.

Vanquished Creatures (collateral kills)
  A worm (D:2)
  2 hobgoblins (D:1)
3 creatures vanquished.

Vanquished Creatures (others)
  6 plants (D:2)
6 creatures vanquished.

Grand Total: 45 creatures vanquished

Notes
Turn   | Place    | Note
-------+----------+-------------------------------------------
     0 | D:1      | ubername the Barachi Hedge Wizard began the quest for the
                  | Orb.
     0 | D:1      | Reached XP level 1. HP: 13/13 MP: 4/4
   560 | D:1      | Reached XP level 2. HP: 19/19 MP: 2/6
   841 | D:1      | Learned a level 2 spell: Call Imp
  1538 | D:1      | Reached skill level 4 in Spellcasting
  1538 | D:1      | Reached XP level 3. HP: 24/24 MP: 2/8
  1631 | D:1      | HP: 1/24 [hobgoblin/+0 spear (6)]
  3052 | D:2      | Slain by an orc wizard

Illustrated notes

Levels and vault maps discovered:
D:1:      saegor_arrival_simple_d, layout_basic
D:2:      layout_loops_ring, lemuel_doored_altar, grunt_ministairs_12,
          minmay_misc_feat_iff, minmay_misc_feat_chi,
          chequers_serial_rivers_micro_a, serial_bayou_pond_c,
          chequers_hall_statues_corner_a, minmay_octomino_j4

Skill      XL: |  1  2 |
---------------+-------+-----
Spellcasting   | 4 |  4.1
Fighting       | |  0.1
Dodging        | |  2.6
Stealth        | |  1.9
Conjurations   | |  1.7
Summonings     | |  1.6
Translocations | |  1.1

Action                   || total
-------------------------++-------
Melee: Dagger            ||    49
 Cast: Magic Dart        ||    82
       Call Imp          ||     7
  Use: Scroll            ||     2
Armor: Robe              ||    16
Dodge: Dodged            ||    52
